Map: Ulrena

Players

juhyg

  • Race: Zerg Zerg
  • League: Bronze

losavo - Winner!

  • Race: Terran Terran
  • League: Silver

VOD

Have the link to the VOD?

Description

Time

  • Played on: Feb. 5, 2016, 5:38 p.m.
  • Length: 10:59
Show
View Real Time Build Order
Export as new Build Order

juhyg Zerg 

Build Orders: Pool First 

Get SALT Encoding   

  12  0:19  Spawning Pool  
  11  0:26  Overlord  
  11  0:34  Extractor  
  11  0:35  Drone  
  11  0:39  Drone  
  12  0:47  Drone  
  13  0:58  Drone  
  13  1:03  Drone  
  15  1:10  Drone  
  16  1:23  Drone  
  17  1:33  Drone  
  17  1:35  Lair  
  18  1:42  Drone  
  19  1:50  Extractor  
  19  1:53  Drone  
  19  2:05  Drone  
  20  2:14  Drone  
  21  2:28  Drone  
  22  2:42  Overlord  
  21  3:00  Queen  
  21  3:01  Zergling x4  
  25  3:06  Spire  
  25  3:09  Drone  
  25  3:20  Drone  
  25  3:21  Metabolic Boost  
  26  3:54  Overlord x3  
  26  4:20  Mutalisk x4  
  32  4:48  Mutalisk  
  32  4:49  Mutalisk  
  28  5:36  Drone x2, Roach Warren  
  28  5:37  Drone  
  28  5:38  Zergling x6  
  28  5:39  Zergling x2  
  34  6:03  Zergling x4  
  36  6:11  Mutalisk x2  
  36  6:12  Mutalisk  
  42  6:19  Hatchery  
  41  6:34  Mutalisk x2  
  41  6:36  Mutalisk  
  47  6:47  Zergling x4  
  47  6:48  Zergling x2  
  50  6:56  Mutalisk  
  48  7:34  Roach  
  48  7:35  Roach x4  
  54  7:41  Zergling x2  
  55  7:49  Roach  
  57  7:52  Zergling x2  
  57  7:55  Zergling x2  
  37  8:41  Roach x4  
  36  8:42  Zergling x6, Roach  
  40  8:54  Zergling x4  
  40  9:04  Zergling x4  
  40  9:09  Zergling x2  
  43  9:11  Zergling x2  
  44  9:28  Zergling x6  
  44  9:29  Zergling x2, Roach x3  
  54  9:32  Mutalisk  
  56  9:39  Roach  
  58  9:51  Roach  
  58  9:52  Overlord x4  
  60  10:13  Roach x2  
  60  10:14  Roach x3  
  72  10:21  Roach x2  
  74  10:31  Roach x2  
  74  10:32  Roach x2  
Show
View Real Time Build Order
Export as new Build Order

losavo Terran - Winner!

Build Orders: MMM Bio 

Get SALT Encoding   

  12  0:01  SCV  
  13  0:17  Supply Depot, SCV  
  14  0:29  SCV  
  14  0:35  Refinery  
  15  0:44  Barracks  
  15  0:45  SCV  
  16  0:58  SCV  
  17  1:12  SCV  
  18  1:32  Reaper  
  19  1:35  Orbital Command  
  19  1:43  Supply Depot  
  19  1:50  Refinery  
  19  2:00  Barracks  
  19  2:06  Factory  
  19  2:19  SCV  
  20  2:31  SCV  
  20  2:51  Factory Reactor  
  20  2:53  Barracks Tech Lab  
  20  2:57  Marine  
  21  3:03  Starport  
  21  3:04  SCV  
  22  3:09  Command Center  
  22  3:14  Engineering Bay  
  22  3:15  Marine  
  22  3:16  SCV  
  22  3:17  Stimpack  
  24  3:31  Hellion x2  
  28  3:39  SCV  
  29  3:48  Medivac  
  31  4:06  Supply Depot  
  31  4:08  Supply Depot  
  31  4:21  Hellion x2  
  35  4:36  Orbital Command  
  31  4:40  Marine x2  
  31  4:42  Hellion x2  
  37  4:47  Barracks  
  37  4:54  Missile Turret  
  37  4:58  Marine x2  
  39  5:02  Missile Turret  
  36  5:17  Marine  
  34  5:27  Hellion x2  
  34  5:28  Orbital Command  
  29  5:57  Marine x2  
  29  5:58  Marine  
  29  6:03  Combat Shields  
  32  6:06  Factory Tech Lab  
  32  6:15  Marine  
  33  6:20  Barracks Reactor  
  33  6:24  Missile Turret  
  33  6:32  Marauder  
  35  6:34  Missile Turret  
  38  6:43  Cyclone  
  38  6:45  Barracks Reactor  
  38  6:51  Viking x2  
  42  6:55  SCV  
  43  7:01  Missile Turret  
  43  7:08  SCV x2  
  45  7:14  Terran Infantry Weapons Level 1  
  45  7:15  Engineering Bay  
  45  7:20  SCV x2  
  45  7:21  Refinery  
  46  7:32  SCV  
  46  7:35  Cyclone  
  50  7:47  Marine x5  
  55  7:54  Viking  
  55  7:58  Viking  
  59  8:04  Marine  
  59  8:05  Marine x2  
  62  8:11  Supply Depot  
  62  8:14  Missile Turret  
  62  8:19  Marine x2  
  60  8:20  Missile Turret  
  60  8:22  Marine x2  
  44  9:04  Viking x2  
  44  9:05  Marine x5  
  44  9:06  Bunker  
  53  9:13  Missile Turret  
  53  9:20  Armory, Barracks  
  53  9:23  Marine x2  
  57  9:24  Marauder  
  57  9:56  Siege Tank  
  57  9:59  Marauder, Marine x4  
  66  10:14  Medivac x2  
  70  10:24  Marine x5  
  75  10:37  Refinery  
  75  10:39  Supply Depot  
Tags
 
Composition
MMM Bio
Matchup
TvZ
Opening
Pool First
Add a new tag
Caveats
  • Supply blocks, unpowered buildings, or Contaminate may cause inaccurate times.
  • Supply counts are checked every 10 seconds.